 Dungeon Crawl Stone Soup version 0.24.0-123-gd5b16e6ec5 (webtiles) character file.

Game seed: 16413027873040765417, levelgen mode: deterministic

430416 MendTheBones the Eclecticist (level 23, -2/183 HPs)
             Began as a Gnoll Wizard on Jan 11, 2020.
             Was the Champion of Okawaru.
             Slain by an ettin
             ... wielding a +0 dire flail
             ... summoned by a glowing orange brain
              (9 damage)
             ... on level 4 of the Depths on Jan 13, 2020.
             The game lasted 07:25:27 (84278 turns).

MendTheBones the Eclecticist (Gnoll Wizard)        Turns: 84278, Time: 07:25:28

Health: -2/183     AC: 22    Str: 15      XL:     23   Next: 90%
Magic:  39/43      EV: 23    Int: 27 (28) God:    Okawaru [******]
Gold:   1463       SH: 20    Dex: 18      Spells: 5/54 levels left

rFire    . . .     SeeInvis .   N - +7 demon trident (vamp)
rCold    + + .     Gourm    .   W - +3 shield of Sexes {Str+3}
rNeg     . . .     Faith    .   s - +0 faerie dragon scales {rC++ rCorr HP+2 Str-2 Stlth+}
rPois    +         Spirit   .   p - +2 helmet {Int+3}
rElec    .         Reflect  +   S - +2 cloak {rPois}
rCorr    +         Harm     .   i - +1 pair of gloves {Dex+3}
MR       +++..                  H - +1 pair of boots {run}
Stlth    +++++++...             U - +4 amulet of reflection
HPRegen  0.40/turn              Y - ring of protection from magic
MPRegen  0.28/turn              V - ring of protection from magic

@: lightly drained, quick
A: distributed training, fangs 1, strong nose
}: 2/15 runes: decaying, serpentine
a: Heroism, Finesse, Renounce Religion


You were on level 4 of the Depths.
You worshipped Okawaru.
Okawaru was exalted by your worship.
You were hungry.

You visited 9 branches of the dungeon, and saw 43 of its levels.
You visited 1 bazaar.
You also visited: Sewer and Ice Cave.

You collected 5353 gold pieces.
You spent 3890 gold pieces at shops.

Inventory:

Hand Weapons
 N - a +7 vampiric demon trident (weapon)
Armour
 i - a +1 pair of gloves of dexterity (worn)
 p - a +2 helmet of intelligence (worn)
 s - the +0 faerie dragon scales (worn) {rC++ rCorr HP+2 Str-2 Stlth+}
   (You took it off the Enchantress on level 15 of the Dungeon)

   It affects your strength (-2).
   It greatly protects you from cold.
   It affects your health (+2).
   It provides partial protection from all sources of acid and corrosion.
   It makes you more stealthy.
 E - the +0 buckler of Libriz {rN+++ rCorr Dex-5 SInv}
   (You bought it in a shop in a bazaar)

   It affects your dexterity (-5).
   It renders you almost immune to negative energy.
   It lets you see invisible.
   It provides partial protection from all sources of acid and corrosion.
 H - a +1 pair of boots of running (worn)
 I - +0 fire dragon scales
 S - a +2 cloak of poison resistance (worn)
 W - the +3 shield of Sexes (worn) {Str+3}
   (You bought it in a shop in a bazaar)

   It affects your strength (+3).
Jewellery
 b - an uncursed ring of flight
 e - an uncursed ring of protection from fire
 k - a +4 ring of protection
 A - an uncursed ring of see invisible
 T - a +5 ring of protection
 U - a +4 amulet of reflection (around neck)
 V - a ring of protection from magic (right hand)
 Y - a ring of protection from magic (left hand)
Wands
 q - a wand of digging (24)
 t - a wand of iceblast (33)
 y - a wand of disintegration (55)
 Q - a wand of paralysis (79)
 Z - a wand of clouds (15)
Scrolls
 a - 14 scrolls of identify
 l - 8 scrolls of teleportation
 m - 5 scrolls of amnesia
 n - 4 scrolls of fog
 x - 3 scrolls of magic mapping
 C - 5 scrolls of enchant armour
 J - 3 scrolls of blinking
 M - 3 scrolls of holy word
 O - 18 scrolls of remove curse
 X - 4 scrolls of fear
Potions
 c - 3 potions of might
 g - 4 potions of berserk rage
 h - 18 potions of curing
 j - 3 potions of resistance
 o - 9 potions of flight
 r - 4 potions of ambrosia
 u - 8 potions of agility
 v - 6 potions of brilliance
 w - 2 potions of cancellation
 z - 4 potions of invisibility
 B - 5 potions of lignification
 D - 9 potions of haste
Miscellaneous
 f - 2 boxes of beasts
 G - a lamp of fire
 K - a phantom mirror
 L - a phial of floods
 R - a lightning rod (4/4)
Comestibles
 d - 26 rations
 F - 4 chunks of flesh


   Skills:
 + Level 15.2(14.4) Fighting
 + Level 15.2(14.4) Short Blades
 + Level 15.2(14.4) Long Blades
 + Level 15.2(14.4) Axes
 + Level 15.2(14.4) Maces & Flails
 + Level 15.2(14.4) Polearms
 + Level 15.2(14.4) Staves
 + Level 15.2(14.4) Slings
 + Level 15.2(14.4) Bows
 + Level 15.2(14.4) Crossbows
 + Level 15.2(14.4) Throwing
 + Level 15.2(14.4) Armour
 + Level 15.7(15.0) Dodging
 + Level 15.6(14.9) Stealth
 + Level 15.2(14.4) Shields
 + Level 15.2(14.4) Unarmed Combat
 + Level 16.4(15.6) Spellcasting
 + Level 13.2(12.5) Conjurations
 + Level 13.1(12.4) Hexes
 + Level 13.1(12.4) Charms
 + Level 13.2(12.5) Summonings
 + Level 13.1(12.4) Necromancy
 + Level 13.2(12.5) Translocations
 + Level 13.1(12.4) Transmutations
 + Level 13.1(12.4) Fire Magic
 + Level 13.1(12.4) Ice Magic
 + Level 13.1(12.4) Air Magic
 + Level 13.1(12.4) Earth Magic
 + Level 13.1(12.4) Poison Magic
 + Level 16.3(15.6) Invocations
 + Level 15.2(14.4) Evocations


You had 5 spell levels left.
You knew the following spells:

 Your Spells              Type           Power        Failure   Level  Hunger
a - Fireball              Conj/Fire      ######....   1%          5    None
b - Bolt of Fire          Conj/Fire      ######....   3%          6    ####...
c - Summon Lightning Spi  Summ/Air       ######..     1%          4    None
d - Poisonous Vapours     Pois/Air       ######       1%          2    None
e - Conjure Flame         Conj/Fire      ######..     1%          3    None
f - Mephitic Cloud        Conj/Pois/Air  ######..     1%          3    None
g - Animate Dead          Necr           N/A          1%          4    None
h - Freezing Cloud        Conj/Ice/Air   ######....   3%          6    ####...
i - Blink                 Tloc           N/A          1%          2    None
j - Regeneration          Chrm/Necr      ######....   1%          3    None
k - Iron Shot             Conj/Erth      ######....   3%          6    ####...
l - Borgnjor's Vile Clut  Necr/Erth      ######....   1%          5    None

Your spell library contained the following spells:

 Spells                   Type           Power        Failure   Level  Hunger
 Animate Skeleton         Necr           N/A          1%          1    None
 Apportation              Tloc           ######       1%          1    None
 Beastly Appendage        Tmut           ######       1%          1    None
 Corona                   Hex            ######.      1%          1    None
 Flame Tongue             Conj/Fire      #####        1%          1    None
 Freeze                   Ice            ####         1%          1    None
 Infusion                 Chrm           ####         1%          1    None
 Magic Dart               Conj           ####         1%          1    None
 Pain                     Necr           ####         1%          1    None
 Sting                    Conj/Pois      ####         1%          1    None
 Summon Butterflies       Summ           ######..     1%          1    None
 Summon Small Mammal      Summ           ####         1%          1    None
 Call Imp                 Summ           ######..     1%          2    None
 Ensorcelled Hibernation  Hex/Ice        ######       1%          2    None
 Searing Ray              Conj           ######       1%          2    None
 Shroud of Golubria       Chrm/Tloc      ######       1%          2    None
 Slow                     Hex            ######..     1%          2    None
 Song of Slaying          Chrm           ######..     1%          2    None
 Sticks to Snakes         Tmut           ######..     1%          2    None
 Throw Flame              Conj/Fire      ######       1%          2    None
 Call Canine Familiar     Summ           ######..     1%          3    None
 Ignite Poison            Fire/Tmut/Pois ######..     1%          3    None
 Inner Flame              Hex/Fire       ######..     1%          3    None
 Lesser Beckoning         Tloc           ######....   1%          3    None
 Ozocubu's Armour         Chrm/Ice       ######..     1%          3    None
 Portal Projectile        Hex/Tloc       ######       1%          3    None
 Recall                   Summ/Tloc      N/A          1%          3    None
 Spectral Weapon          Hex/Chrm       ######..     1%          3    None
 Spider Form              Tmut/Pois      ######....   1%          3    None
 Summon Guardian Golem    Hex/Summ       ######..     1%          3    None
 Teleport Other           Tloc           ######..     1%          3    None
 Tukima's Dance           Hex            ######..     1%          3    None
 Vampiric Draining        Necr           ######....   1%          3    None
 Cause Fear               Hex            ######....   1%          4    None
 Force Lance              Conj/Tloc      ######..     1%          4    None
 Ice Form                 Ice/Tmut       ######..     1%          4    None
 Leda's Liquefaction      Hex/Erth       ######....   1%          4    None
 Olgreb's Toxic Radiance  Pois           ######..     1%          4    None
 Passage of Golubria      Tloc           N/A          1%          4    None
 Sticky Flame             Conj/Fire      ######..     1%          4    None
 Summon Ice Beast         Ice/Summ       ######..     1%          4    None
 Agony                    Necr           ######..     1%          5    None
 Alistair's Intoxication  Tmut/Pois      ######..     1%          5    None
 Blade Hands              Tmut           ######....   1%          5    None
 Bolt of Magma            Conj/Fire/Erth ######....   1%          5    None
 Excruciating Wounds      Chrm/Necr      ######....   1%          5    None
 Iskenderun's Battlesphe  Conj/Chrm      ######..     1%          5    None
 Lee's Rapid Deconstruct  Erth           ######....   1%          5    None
 Metabolic Englaciation   Hex/Ice        ######....   1%          5    None
 Summon Forest            Summ/Tloc      ######....   1%          5    None
 Summon Mana Viper        Hex/Summ       ######..     1%          5    None
 Venom Bolt               Conj/Pois      ######....   1%          5    None
 Yara's Violent Unravell  Hex/Tmut       ######....   1%          5    None
 Dispersal                Tloc           ######....   2%          6    ####...
 Death Channel            Necr           ######....   3%          6    ####...
 Invisibility             Hex            ######..     3%          6    ####...
 Malign Gateway           Summ/Tloc      ######....   16%         7    #####..
 Orb of Destruction       Conj           ######....   16%         7    #####..
 Spellforged Servitor     Conj/Summ      ######....   16%         7    #####..
 Summon Hydra             Summ           ######....   16%         7    #####..
 Dragon Form              Tmut           ######....   17%         7    #####..
 Ring of Flames           Chrm/Fire      ######....   17%         7    #####..
 Controlled Blink         Tloc           N/A          77%         8    #######
 Disjunction              Tloc           ######....   77%         8    #######


Dungeon Overview and Level Annotations

Branches:
Dungeon (15/15)            Temple (1/1) D:7            Lair (6/6) D:11
  Swamp (4/4) Lair:3        Snake (4/4) Lair:3        Slime (0/5) Lair:5
    Orc (2/2) D:9             Elf (3/3) Orc:2        Vaults (4/5) D:14
  Crypt (0/3) Vaults:3     Depths (4/5) D:15          Sewer (visited)
  IceCv (visited)

Altars:
Ashenzari
Cheibriados
Dithmenos
Elyvilon
Fedhas
Gozag
Hepliaklqana
Kikubaaqudgha
Makhleb
Nemelex Xobeh
Okawaru
Qazlal
Ru
Sif Muna
Trog
Uskayaw
Vehumet
Xom
Yredelemnul
Zin
The Shining One
Beogh
Jiyva

Shops:
D:9 :   D:11 **   Orc:2 [=(*   Elf:2 (   Elf:3 (   Snake:2 *   Snake:3 [
Vaults:1 %   Depths:1 ?

Portals:
Hell: Depths:1 Depths:2 Depths:3
Pandemonium: Depths:3 Depths:4
Ziggurat: Depths:2

Annotations:
D:6 1 runed translucent door, Crazy Yiuf
D:8 3 runed translucent doors, Hylith's ghost, novice GrFi; LifeIsToil's ghost, novice MiGl
D:10 Gastronok
D:14 3 runed translucent doors, Yrugaosi's ghost, journeyman OgTm
Lair:6 1 runed translucent door
Elf:3 3 runed translucent doors, Dataggej's ghost, adept MiBe
Vaults:2 exclusion: door, Boris


Innate Abilities, Weirdness & Mutations

Your experience applies equally to all skills.
You have very sharp teeth.
Your uncanny sense of smell can sniff out nearby items.


Message History

The hell knight gestures wildly while chanting.
The hell knight blinks!
The brown ugly thing headbutts you!
You are splashed with acid.
You resist.
* * * LOW HITPOINT WARNING * * *
The ettin barely misses you.
The ettin hits you with a +0 dire flail!!
* * * LOW HITPOINT WARNING * * *
The purple very ugly thing tentacle-slaps you!
* * * LOW HITPOINT WARNING * * *
The white ugly thing basks in the mutagenic energy from its kin and changes!
You can move again.
There is a stone staircase leading up, spattered with blood here.
You see here a large rock.
You block the tengu warrior's attack. The tengu warrior closely misses you.
You block the tengu warrior's attack.
The brown ugly thing completely misses you.
The purple very ugly thing completely misses you.
The ettin completely misses you.
The ettin hits you with a +0 dire flail!
You die...

..$...§.§..§...............
..§........≈...............
#.§≈.......................
#.p§...<............§......
...≈≈.?.....p..........###.
≈..(>..............≈≈.[#.<.
≈≈≈......D........≈≈≈.##...
§........Guu......§≈§.§D...
§.§≈...puG@C......§.≈..i...
§≈≈......uuQ...........####
§≈§≈.................###
≈≈§≈.............##
......#..........
....##.......... %(.#
##...).... ..# ##...#..#


You could see a purple very ugly thing, a fire dragon, 4 ugly things, an ettin,
a hell knight, a tengu warrior, a glowing orange brain, a necromancer and a
floating eye.

Vanquished Creatures
  the Lernaean hydra (Swamp:4)
  A golden dragon (Depths:3)
  the Enchantress (D:15)
  2 liches
  Jorgrun (Snake:1)
  2 deep elf blademasters
  A deep elf master archer (Elf:3)
  A quicksilver dragon (Depths:2)
  The ghost of bl4d3 the Severer, an adept HOFi of Okawaru (Snake:2)
  2 sphinxes
  2 thorn hunters
  Agnes (Snake:1)
  A shadow dragon (shapeshifter) (Depths:2)
  4 nagarajas
  9 tengu reavers
  Donald (Orc:1)
  7 frost giants
  3 iron dragons (Depths:2)
  Louise (Snake:1)
  3 fire giants
  A large abomination (Vaults:4)
  9 vault wardens
  8 deep elf sorcerers
  3 orc warlords
  A curse skull (Vaults:3)
  3 deep elf elementalists
  2 very ugly things
  Aizul (Snake:1)
  2 spriggan defenders (D:15)
  10 ironheart preservers
  2 war gargoyles
  2 entropy weavers
  A vampire knight (D:15)
  4 deep elf demonologists (Elf:3)
  10 deep elf annihilators
  Nessos (Lair:4)
  9 stone giants
  A lorocyproca (Depths:2)
  Azrael (D:13)
  7 spark wasps
  An eidolon (Vaults:3)
  A crystal guardian (Depths:2)
  7 ettins
  4 deep elf death magi
  7 yaktaur captains
  An ettin (shapeshifter) (Depths:2)
  4 fire dragons
  13 ogre magi
  3 great orbs of eyes
  13 vault guards
  7 deep elf high priests
  A hydra (shapeshifter) (Depths:2)
  9 naga warriors
  Harold (D:8)
  9 ice dragons
  13 hydras
  3 spriggan air magi
  5 rakshasas
  A shambling mangrove (Swamp:4)
  A ghost crab (Swamp:4)
  A catoblepas (D:13)
  5 centaur warriors
  8 anacondas
  A death yak (IceCv)
  28 two-headed ogres
  An alligator (shapeshifter) (Depths:2)
  24 dancing weapons
  5 alligators
  11 naga sharpshooters
  6 spriggan berserkers
  5 deep troll shamans
  6 deep troll earth magi
  A vampire mage (Depths:3)
  Urug (D:11)
  21 deep elf knights
  A sun demon (Depths:3)
  3 shock serpents
  8 hell knights
  2 iron trolls (Depths:3)
  A shadow wraith (Vaults:3)
  5 salamander mystics
  2 sea snakes (Snake:2)
  A swamp dragon (shapeshifter) (Vaults:1)
  7 unseen horrors
  6 deep trolls
  A spriggan druid (Swamp:2)
  6 skeletal warriors (Vaults:2)
  2 flayed ghosts (Vaults:3)
  5 swamp dragons (Swamp:4)
  15 deep elf archers
  8 ironbrand convokers
  8 harpies
  5 naga ritualists (Snake:4)
  8 mana vipers
  2 lindwurms (Lair:6)
  6 necromancers
  56 deep elf magi
  3 wizards
  14 orc knights
  A phantasmal warrior (Vaults:3)
  2 wolf spiders
  25 ugly things
  8 orc sorcerers
  A mana viper (shapeshifter) (Depths:3)
  9 salamanders
  2 manticores (Elf:1)
  A stone giant zombie (Vaults:1)
  2 elephants (Lair:3)
  A cyclops (shapeshifter) (Depths:2)
  3 human zombies (Vaults:1)
  A cyclops (D:7)
  A water nymph (shapeshifter) (Depths:2)
  17 black mambas
  4 guardian serpents
  12 vault sentinels
  4 orange demons
  15 naga magi
  3 torpor snails (Lair:6)
  3 rust devils (Depths:3)
  A black mamba (shapeshifter) (Vaults:4)
  An ice statue (IceCv)
  An efreet (Depths:2)
  4 spectral swamp worms (Depths:3)
  3 kobold demonologists (D:13)
  14 spiny frogs
  7 freezing wraiths
  A yaktaur zombie (Depths:1)
  A rime drake (IceCv)
  A tormentor (Depths:3)
  5 komodo dragons
  A spriggan skeleton (Depths:1)
  8 yaktaurs
  An ice devil (Lair:6)
  13 tyrant leeches
  A meliai (shapeshifter) (Depths:2)
  3 trolls
  22 polar bears
  A hornet (shapeshifter) (Vaults:3)
  10 hornets
  17 slime creatures
  6 hippogriffs
  An ettin zombie (Depths:1)
  A dream sheep (shapeshifter) (Vaults:4)
  An ice dragon zombie (Depths:1)
  13 blink frogs
  A bog body (Swamp:4)
  5 spriggans
  2 shadows
  8 wyverns (Lair:6)
  5 redbacks
  3 air elementals
  5 fire elementals
  3 wraiths
  29 yaks
  A hog (shapeshifter) (Vaults:2)
  Eustachio (D:6)
  6 water elementals
  A hog (D:15)
  3 vampire mosquitoes
  A human (shapeshifter) (Vaults:4)
  An ogre zombie (Vaults:1)
  25 nagas
  8 swamp worms
  3 insubstantial wisps (Swamp:4)
  2 soldier ants (Lair:5)
  6 wargs
  2 hell hounds (D:13)
  9 water moccasins
  A hydra simulacrum (Depths:2)
  Duvessa (D:5)
  A floating eye (Vaults:4)
  4 swamp drakes
  Purgy (Sewer)
  7 porcupines
  35 orc warriors
  A slave (D:4)
  3 ice beasts
  A necrophage (Lair:2)
  2 black bears
  3 sky beasts
  An ettin simulacrum (Vaults:1)
  26 ogres
  11 centaurs
  4 phantoms
  17 wolves
  21 boggarts
  2 big kobolds
  12 crocodiles
  9 bullfrogs
  A big kobold (shapeshifter) (Vaults:4)
  Blork the orc (D:5)
  An ogre simulacrum (Vaults:1)
  An earth elemental (Elf:2)
  Dowan (D:6)
  A wyvern skeleton (D:13)
  6 scorpions
  A hornet simulacrum (Vaults:1)
  5 killer bees (D:5)
  6 wights
  A howler monkey (D:4)
  10 electric eels
  9 crimson imps
  A bullfrog zombie (D:12)
  A quasit (Depths:4)
  2 jellies
  2 centaur skeletons
  10 orc priests
  A hound (D:4)
  2 iron imps (Depths:3)
  26 orc wizards
  4 iguanas
  Jessica (D:2)
  2 bullfrog skeletons
  A worker ant (shapeshifter) (Vaults:1)
  7 worker ants
  A howler monkey zombie (D:6)
  15 adders
  5 shadow imps
  An adder skeleton (D:2)
  A worm (D:3)
  3 dart slugs
  6 leopard geckos
  65 orcs
  7 bats
  9 giant cockroaches
  13 goblins
  8 hobgoblins
  14 jackals
  5 quokkas
  7 frilled lizards
  A jackal zombie (D:5)
  12 kobolds
  A leopard gecko skeleton (D:4)
  A quokka zombie (D:6)
  3 rats
  2 crawling corpses (Elf:3)
  A fungus (Orc:2)
  A plant (Lair:5)
1358 creatures vanquished.

Vanquished Creatures (collateral kills)
  Rupert (D:14)
  A lich (Depths:3)
  A deep elf blademaster (Elf:2)
  A sphinx (Depths:3)
  A thorn hunter (Swamp:4)
  A tengu reaver (Depths:2)
  2 deep elf sorcerers (Elf:3)
  2 frost giants
  A nagaraja (Snake:4)
  A fire giant (Vaults:4)
  A vault warden (Vaults:4)
  2 deep elf elementalists (Elf:3)
  A war gargoyle (Vaults:4)
  An entropy weaver (Vaults:1)
  2 stone giants
  2 deep elf demonologists (Vaults:4)
  5 deep elf annihilators
  Josephine (Orc:2)
  5 deep elf death magi
  2 fire dragons
  A yaktaur captain (Vaults:2)
  A quicksilver dragon zombie (Depths:1)
  An ettin (Depths:2)
  A great orb of eyes (shapeshifter) (Depths:2)
  3 deep elf high priests
  2 great orbs of eyes
  3 rakshasas
  13 hydras
  A shambling mangrove (Swamp:3)
  6 vault guards
  A spriggan air mage (Depths:2)
  3 naga warriors
  3 anacondas
  5 alligators
  3 centaur warriors
  22 two-headed ogres
  2 ogre magi
  2 deep troll earth magi
  2 shock serpents
  5 naga sharpshooters
  4 orc high priests (Orc:2)
  Sonja (Lair:1)
  2 spriggan berserkers
  3 deep elf knights
  A large abomination (Vaults:4)
  2 hell knights (Depths:2)
  4 skeletal warriors (Vaults:2)
  A flayed ghost (Vaults:4)
  3 deep trolls
  4 deep elf archers
  8 swamp dragons
  3 naga ritualists
  4 orc knights
  Pikel (D:4)
  A necromancer (Depths:1)
  A phantasmal warrior (Vaults:4)
  4 oklob plants (Lair:5)
  2 mana vipers
  A harpy (Vaults:2)
  A wolf spider (Lair:6)
  6 orc sorcerers (Orc:2)
  2 salamanders (Snake:4)
  9 ugly things
  3 cyclopes
  A manticore (D:11)
  20 deep elf magi
  A moth of wrath (shapeshifter) (Elf:3)
  2 elephants (Lair:3)
  A guardian serpent (Snake:2)
  2 torpor snails (Lair:6)
  12 naga magi
  13 spiny frogs
  3 vault sentinels
  15 black mambas
  An eye of devastation (shapeshifter) (Depths:2)
  A small abomination (Elf:3)
  A kobold demonologist (D:13)
  A rime drake (Lair:2)
  A spectral swamp worm (Depths:3)
  A freezing wraith (Vaults:3)
  5 yaktaurs
  3 komodo dragons
  An ice devil (Lair:6)
  A queen bee (shapeshifter) (Vaults:4)
  A meliai (shapeshifter) (Vaults:4)
  A troll (Orc:2)
  4 tyrant leeches
  3 polar bears
  11 blink frogs
  4 bog bodies
  4 slime creatures
  2 hippogriffs
  5 hornets
  2 spriggans
  5 wyverns
  A water elemental (Depths:1)
  3 wraiths (Orc:2)
  A basilisk (Lair:2)
  7 yaks
  A golden eye (shapeshifter) (Vaults:4)
  A hog (D:15)
  A human simulacrum (Vaults:3)
  2 vampire mosquitoes
  A warg (Orc:2)
  20 nagas
  5 swamp worms
  3 insubstantial wisps (Swamp:4)
  2 acid dragons
  10 water moccasins
  3 porcupines
  A floating eye (Depths:3)
  4 necrophages (Lair:2)
  22 orc warriors
  7 swamp drakes
  An eye of draining (D:13)
  18 ogres
  4 centaurs
  3 wolves
  A boggart (Vaults:3)
  3 crocodiles
  5 big kobolds
  A bullfrog (Lair:2)
  A wyvern skeleton (D:8)
  2 scorpions
  A killer bee (D:5)
  A howler monkey (D:3)
  5 wights
  2 crimson imps
  9 orc priests
  A jelly (D:11)
  6 orc wizards
  2 worker ants (D:4)
  Robin (D:2)
  3 gnolls (D:2)
  An adder (D:1)
  3 worms
  A leopard gecko (D:8)
  47 orcs
  2 ball pythons
  A giant cockroach (D:4)
  2 goblins
  A jackal (D:1)
  A frilled lizard (D:2)
  6 kobolds
  4 crawling corpses
  4 fungi
  3 plants
554 creatures vanquished.

Vanquished Creatures (others)
  Kirke (D:15)
  A catoblepas (Depths:2)
  A centaur warrior (Vaults:2)
  2 anacondas
  A dancing weapon (Elf:1)
  2 naga sharpshooters
  A hell knight (Depths:2)
  3 deep elf archers
  2 deep elf magi
  2 cyclopes
  9 yaktaurs
  A hornet (Swamp:3)
  An air elemental (Elf:3)
  3 humans (D:15)
  An orc warrior (Orc:2)
  6 centaurs
  A bullfrog (D:15)
  A crimson imp (D:15)
  An orc (Orc:2)
  14 fungi
  38 plants
  3 withered plants (D:8)
95 creatures vanquished.

Grand Total: 2007 creatures vanquished

Notes
Turn   | Place    | Note
-------+----------+-------------------------------------------
     0 | D:1      | MendTheBones the Gnoll Wizard began the quest for the Orb.
     0 | D:1      | Reached XP level 1. HP: 13/13 MP: 8/8
   210 | D:1      | Reached XP level 2. HP: 19/19 MP: 0/10
   214 | D:1      | Learned a level 2 spell: Call Imp
   217 | D:1      | Learned a level 2 spell: Blink
   816 | D:1      | Reached XP level 3. HP: 25/25 MP: 7/11
   821 | D:1      | Learned a level 3 spell: Conjure Flame
   825 | D:1      | Learned a level 3 spell: Mephitic Cloud
  1144 | D:2      | Noticed Jessica
  1147 | D:2      | Killed Jessica
  1147 | D:2      | Reached skill level 1 in Fighting
  1147 | D:2      | Reached skill level 1 in Short Blades
  1147 | D:2      | Reached skill level 1 in Long Blades
  1147 | D:2      | Reached skill level 1 in Axes
  1147 | D:2      | Reached skill level 1 in Maces & Flails
  1147 | D:2      | Reached skill level 1 in Polearms
  1147 | D:2      | Reached skill level 1 in Staves
  1147 | D:2      | Reached skill level 1 in Slings
  1147 | D:2      | Reached skill level 1 in Bows
  1147 | D:2      | Reached skill level 1 in Crossbows
  1147 | D:2      | Reached skill level 1 in Throwing
  1147 | D:2      | Reached skill level 1 in Armour
  1147 | D:2      | Reached skill level 1 in Shields
  1147 | D:2      | Reached skill level 1 in Unarmed Combat
  1147 | D:2      | Reached skill level 1 in Invocations
  1147 | D:2      | Reached skill level 1 in Evocations
  1147 | D:2      | Reached XP level 4. HP: 32/32 MP: 9/13
  1275 | D:2      | Found an opulent altar of Gozag.
  1423 | D:2      | Noticed Robin
  1450 | D:2      | Reached skill level 1 in Hexes
  1450 | D:2      | Reached skill level 1 in Charms
  1450 | D:2      | Reached skill level 1 in Necromancy
  1450 | D:2      | Reached skill level 1 in Transmutations
  1450 | D:2      | Reached skill level 1 in Fire Magic
  1450 | D:2      | Reached skill level 1 in Ice Magic
  1450 | D:2      | Reached skill level 1 in Air Magic
  1450 | D:2      | Reached skill level 1 in Earth Magic
  1450 | D:2      | Reached skill level 1 in Poison Magic
  1791 | D:2      | Killed Robin
  1921 | D:2      | Reached XP level 5. HP: 37/37 MP: 7/14
  3112 | D:4      | Reached XP level 6. HP: 12/44 MP: 1/16
  3677 | D:4      | Reached skill level 5 in Dodging
  3697 | D:4      | Found a snail-covered altar of Cheibriados.
  4254 | D:3      | Reached XP level 7. HP: 21/50 MP: 0/18
  5066 | D:5      | Entered Level 5 of the Dungeon
  5610 | D:5      | Reached skill level 5 in Stealth
  5973 | D:5      | Reached XP level 8. HP: 57/57 MP: 13/19
  6006 | D:5      | Noticed Pikel
  6233 | D:4      | Killed Pikel
  7368 | D:6      | Found a glowing drain.
  7383 | Sewer    | Entered a sewer
  7609 | Sewer    | Noticed Purgy
  7626 | Sewer    | Killed Purgy
  7673 | D:6      | Noticed Blork the orc
  7676 | D:6      | Noticed Duvessa
  7676 | D:6      | Noticed Dowan
  7932 | D:5      | Killed Blork the orc
  8325 | D:6      | Killed Dowan
  8335 | D:5      | Reached XP level 9. HP: 50/65 MP: 4/21
  8511 | D:5      | Killed Duvessa
  9472 | D:6      | Found a sacrificial altar of Ru.
  9496 | D:6      | Noticed Eustachio
  9857 | D:6      | Found a hide-covered altar of Uskayaw.
  9904 | D:6      | Found a runed translucent door.
  9905 | D:6      | Noticed Crazy Yiuf
  9929 | D:6      | Killed Eustachio
 10119 | D:7      | Noticed a cyclops
 10655 | D:7      | Found a staircase to the Ecumenical Temple.
 10671 | Temple   | Entered the Ecumenical Temple
 10759 | Temple   | Became a worshipper of Warmaster Okawaru
 10974 | D:7      | Learned a level 4 spell: Animate Dead
 10994 | D:6      | Learned a level 3 spell: Regeneration
 11170 | D:7      | Learned a level 2 spell: Poisonous Vapours
 11282 | D:7      | Killed a cyclops
 11282 | D:7      | Reached * piety under Okawaru
 11282 | D:7      | Reached skill level 5 in Invocations
 11790 | D:8      | Reached XP level 10. HP: 67/73 MP: 18/22
 12045 | D:8      | Reached ** piety under Okawaru
 12465 | D:8      | Noticed Harold
 12498 | D:8      | Killed Harold
 12498 | D:8      | Reached skill level 5 in Fighting
 12498 | D:8      | Reached skill level 5 in Short Blades
 12498 | D:8      | Reached skill level 5 in Long Blades
 12498 | D:8      | Reached skill level 5 in Axes
 12498 | D:8      | Reached skill level 5 in Maces & Flails
 12498 | D:8      | Reached skill level 5 in Polearms
 12498 | D:8      | Reached skill level 5 in Staves
 12498 | D:8      | Reached skill level 5 in Slings
 12498 | D:8      | Reached skill level 5 in Bows
 12498 | D:8      | Reached skill level 5 in Crossbows
 12498 | D:8      | Reached skill level 5 in Throwing
 12498 | D:8      | Reached skill level 5 in Armour
 12498 | D:8      | Reached skill level 5 in Shields
 12498 | D:8      | Reached skill level 5 in Unarmed Combat
 12498 | D:8      | Reached skill level 5 in Evocations
 12578 | D:8      | Found a runed translucent gate.
 12578 | D:8      | Found a runed translucent gate.
 12579 | D:8      | Noticed LifeIsToil's ghost (novice MiGl)
 12579 | D:8      | Noticed Hylith's ghost (novice GrFi)
 12580 | D:8      | Found a runed translucent gate.
 12823 | D:8      | Found a shadowy altar of Dithmenos.
 12824 | D:8      | Found a white marble altar of Elyvilon.
 12824 | D:8      | Noticed a two-headed ogre
 12844 | D:8      | Killed a two-headed ogre
 13188 | D:9      | Reached skill level 5 in Conjurations
 13188 | D:9      | Reached skill level 5 in Summonings
 13188 | D:9      | Reached skill level 5 in Translocations
 13279 | D:9      | Got a crude broad axe
 13279 | D:9      | Identified the +1 broad axe of Gravity {holy, Dex+3} (You
                  | found it on level 9 of the Dungeon)
 13639 | D:9      | Found a staircase to the Orcish Mines.
 13825 | D:9      | Found Cunysm's Book Shop.
 13828 | D:9      | Bought a book of Callings for 390 gold pieces
 13833 | D:9      | Learned a level 4 spell: Summon Lightning Spire
 14362 | D:10     | Entered Level 10 of the Dungeon
 15595 | D:10     | Reached XP level 11. HP: 53/81 MP: 24/24
 15705 | D:10     | Reached *** piety under Okawaru
 16033 | D:10     | Noticed Gastronok
 16058 | D:10     | Found a glowing silver altar of Zin.
 16266 | D:11     | Found Loskuoze's Assorted Antiques.
 16402 | D:11     | Noticed an unseen horror
 16533 | D:11     | Killed an unseen horror
 16542 | D:11     | Noticed a manticore
 16555 | D:11     | Killed a manticore
 16688 | D:11     | Found a staircase to the Lair.
 16808 | D:11     | Noticed Urug
 17125 | D:11     | Noticed a purple ugly thing
 17136 | D:11     | Killed a purple ugly thing
 17136 | D:11     | Reached skill level 5 in Hexes
 17136 | D:11     | Reached skill level 5 in Charms
 17136 | D:11     | Reached skill level 5 in Necromancy
 17136 | D:11     | Reached skill level 5 in Transmutations
 17136 | D:11     | Reached skill level 5 in Fire Magic
 17136 | D:11     | Reached skill level 5 in Ice Magic
 17136 | D:11     | Reached skill level 5 in Air Magic
 17136 | D:11     | Reached skill level 5 in Earth Magic
 17136 | D:11     | Reached skill level 5 in Poison Magic
 17228 | D:11     | Found Qaaw's General Store.
 17319 | D:11     | Killed Urug
 17319 | D:11     | Reached **** piety under Okawaru
 17528 | D:11     | Received a gift from Okawaru
 17820 | Lair:1   | Entered Level 1 of the Lair of Beasts
 18097 | Lair:1   | Received a gift from Okawaru
 18149 | Lair:1   | Noticed a four-headed hydra
 18518 | Lair:1   | Killed a four-headed hydra
 18844 | D:12     | Noticed an unseen horror
 18853 | D:12     | Killed an unseen horror
 19296 | D:12     | Noticed an unseen horror
 19307 | D:12     | Killed an unseen horror
 19307 | D:12     | Reached XP level 12. HP: 87/89 MP: 18/25
 19596 | Orc:1    | Entered Level 1 of the Orcish Mines
 19599 | Orc:1    | Noticed a two-headed ogre
 19607 | Orc:1    | Killed a two-headed ogre
 19607 | Orc:1    | Reached ***** piety under Okawaru
 19614 | Orc:1    | Received a gift from Okawaru
 19615 | Orc:1    | Reached skill level 10 in Spellcasting
 20023 | Orc:1    | Noticed a two-headed ogre
 20030 | Orc:1    | Killed a two-headed ogre
 20188 | Orc:2    | Entered Level 2 of the Orcish Mines
 20188 | Orc:2    | Found Waaf's Jewellery Emporium.
 20195 | Orc:2    | Received a gift from Okawaru
 20386 | Orc:2    | Noticed an orc high priest
 20403 | Orc:2    | HP: 3/91 [troll (8)]
 20774 | Orc:2    | Killed an orc high priest
 20860 | Orc:2    | Found Zugacw's General Store.
 20861 | Orc:2    | Noticed an orc warlord
 20883 | Orc:2    | Killed an orc warlord
 20883 | Orc:2    | Received a gift from Okawaru
 20883 | Orc:2    | Reached ****** piety under Okawaru
 21029 | Orc:2    | Noticed an orc high priest
 21034 | Orc:2    | Received a gift from Okawaru
 21050 | Orc:2    | Killed an orc high priest
 21071 | Orc:2    | Noticed an orc high priest
 21079 | Orc:2    | Killed an orc high priest
 21129 | Orc:2    | Noticed Donald
 21252 | Orc:1    | Killed Donald
 21252 | Orc:1    | Reached XP level 13. HP: 46/98 MP: 14/27
 21868 | Orc:2    | Found Xottonwoina's Antique Armour Shop.
 21888 | Orc:2    | Found Hihuddijuf's Antique Weapon Shoppe.
 21892 | Orc:2    | Found a staircase to the Elven Halls.
 21899 | Orc:2    | Found a roughly hewn altar of Beogh.
 21911 | Orc:2    | Noticed Josephine
 21943 | Orc:2    | Killed Josephine
 22331 | Orc:2    | Noticed an orc warlord
 22339 | Orc:2    | Noticed an orc warlord
 22669 | Orc:1    | Killed an orc warlord
 22669 | Orc:1    | Received a gift from Okawaru
 23005 | Orc:2    | Paralysed by an orc sorcerer for 2 turns
 23658 | Orc:2    | Killed an orc warlord
 23911 | Orc:2    | Bought a +5 ring of protection for 715 gold pieces
 23911 | Orc:2    | Bought a +4 amulet of reflection for 351 gold pieces
 23945 | Orc:2    | Bought a shiny ring mail for 196 gold pieces
 24247 | Lair:1   | Noticed Sonja
 24251 | Lair:1   | Killed Sonja
 24978 | Lair:2   | Received a gift from Okawaru
 25044 | Lair:2   | Received a gift from Okawaru
 25706 | Lair:3   | Found a staircase to the Swamp.
 26236 | Lair:3   | Found a staircase to the Snake Pit.
 27093 | Lair:4   | Noticed Nessos
 27252 | Lair:4   | Reached XP level 14. HP: 78/106 MP: 22/29
 27254 | Lair:4   | Killed Nessos
 27266 | Lair:4   | Received a gift from Okawaru
 28580 | Lair:5   | Reached skill level 10 in Dodging
 28696 | Lair:5   | Noticed an entropy weaver
 28696 | Lair:5   | Noticed an entropy weaver
 28839 | Lair:5   | Found a viscous altar of Jiyva.
 28840 | Lair:5   | Found a staircase to the Slime Pits.
 29042 | Lair:5   | Found the +8 longbow "Zephyr" {speed, Dex+3 SInv}
 29603 | Lair:6   | Entered Level 6 of the Lair of Beasts
 29615 | Lair:6   | Reached skill level 10 in Stealth
 29799 | Lair:6   | Found a frozen archway.
 30020 | IceCv    | Entered an ice cave
 30038 | IceCv    | Received a gift from Okawaru
 30287 | IceCv    | Reached skill level 10 in Invocations
 30724 | IceCv    | Received a gift from Okawaru
 31853 | IceCv    | Noticed a frost giant
 31980 | IceCv    | Killed a frost giant
 32043 | IceCv    | Got a slimy whip
 32043 | IceCv    | Identified the +5 whip of Woff {freeze, rPois Dex+2} (You
                  | found it in an ice cave)
 32149 | Lair:6   | Found a runed translucent door.
 32656 | Lair:6   | Reached XP level 15. HP: 95/114 MP: 20/30
 33758 | Lair:6   | Received a gift from Okawaru
 33994 | Lair:6   | Received a gift from Okawaru
 35316 | D:13     | Found a hide-covered altar of Uskayaw.
 35373 | D:13     | Received a gift from Okawaru
 36115 | D:14     | Noticed Azrael
 36463 | D:14     | Noticed Rupert
 36774 | D:14     | Killed Rupert
 36850 | D:14     | Found a runed translucent gate.
 36850 | D:14     | Found a runed translucent gate.
 36850 | D:14     | Found a runed translucent gate.
 36852 | D:14     | Noticed Yrugaosi's ghost (journeyman OgTm)
 36853 | D:14     | Found an iron altar of Okawaru.
 36892 | D:13     | Reached skill level 10 in Fighting
 36892 | D:13     | Reached skill level 10 in Short Blades
 36892 | D:13     | Reached skill level 10 in Long Blades
 36892 | D:13     | Reached skill level 10 in Axes
 36892 | D:13     | Reached skill level 10 in Maces & Flails
 36892 | D:13     | Reached skill level 10 in Polearms
 36892 | D:13     | Reached skill level 10 in Staves
 36892 | D:13     | Reached skill level 10 in Slings
 36892 | D:13     | Reached skill level 10 in Bows
 36892 | D:13     | Reached skill level 10 in Crossbows
 36892 | D:13     | Reached skill level 10 in Throwing
 36892 | D:13     | Reached skill level 10 in Armour
 36892 | D:13     | Reached skill level 10 in Shields
 36892 | D:13     | Reached skill level 10 in Unarmed Combat
 36892 | D:13     | Reached skill level 10 in Evocations
 37260 | D:13     | Killed Azrael
 37475 | D:14     | Found a gate to the Vaults.
 37588 | D:14     | Received a gift from Okawaru
 38052 | D:15     | Entered Level 15 of the Dungeon
 38355 | D:15     | Received a gift from Okawaru
 38408 | D:15     | Received a gift from Okawaru
 38478 | D:15     | Noticed Kirke
 38493 | D:15     | Killed Kirke
 38858 | D:15     | Reached XP level 16. HP: 122/122 MP: 14/32
 39224 | D:15     | Found a staircase to the Depths.
 39936 | Swamp:1  | Entered Level 1 of the Swamp
 40064 | D:9      | Bought the Papyrus of the Assorted Ghosts for 962 gold
                  | pieces
 40071 | D:9      | Learned a level 6 spell: Freezing Cloud
 40434 | Swamp:1  | Noticed a thorn hunter
 40441 | Swamp:1  | Killed a thorn hunter
 42048 | Swamp:3  | Received a gift from Okawaru
 42251 | Swamp:3  | Got a bloodstained robe
 42252 | Swamp:3  | Identified the cursed +0 robe of Jofebat {rPois Int+2
                  | Dex+3} (You found it on level 3 of the Swamp)
 42594 | Swamp:3  | Noticed a thorn hunter
 42604 | Swamp:3  | Killed a thorn hunter
 42724 | Swamp:4  | Entered Level 4 of the Swamp
 42730 | Swamp:4  | Received a gift from Okawaru
 43334 | Swamp:4  | Noticed the 27-headed Lernaean hydra
 43629 | Swamp:4  | Killed the 27-headed Lernaean hydra
 43648 | Swamp:4  | Received a gift from Okawaru
 43777 | Swamp:4  | Reached XP level 17. HP: 112/131 MP: 30/33
 43859 | Swamp:4  | Received a gift from Okawaru
 44418 | Swamp:4  | Got a decaying rune of Zot
 44531 | Snake:1  | Entered Level 1 of the Snake Pit
 44555 | Snake:1  | Noticed Louise
 44570 | Snake:1  | Killed Louise
 45094 | Snake:1  | Noticed Jorgrun
 45104 | Snake:1  | Killed Jorgrun
 45131 | Snake:1  | Noticed Aizul
 45148 | Snake:1  | Killed Aizul
 46488 | Snake:2  | Received a gift from Okawaru
 47125 | Snake:2  | Reached skill level 10 in Conjurations
 47125 | Snake:2  | Reached skill level 10 in Summonings
 47125 | Snake:2  | Reached skill level 10 in Translocations
 47139 | Snake:2  | Noticed Agnes
 47411 | Snake:1  | Killed Agnes
 47512 | Snake:2  | Found Ciurat's General Store.
 47519 | Snake:2  | Bought a scroll of blinking for 127 gold pieces
 47519 | Snake:2  | Bought a scroll of fear for 59 gold pieces
 47533 | Snake:2  | Found a runed translucent gate.
 47536 | Snake:2  | Found a runed translucent gate.
 47538 | Snake:2  | Noticed bl4d3's ghost (adept HOFi)
 47600 | Snake:2  | Found a runed translucent gate.
 48323 | Snake:3  | Found Ysilaj's Antique Armour Shoppe.
 48331 | Snake:3  | Bought a transparent ring mail for 297 gold pieces
 48331 | Snake:3  | Identified the +1 ring mail of the Wilderness {+Inv rC+}
                  | (You bought it in a shop on level 3 of the Snake Pit)
 49744 | Snake:4  | Entered Level 4 of the Snake Pit
 49760 | Snake:4  | Received a gift from Okawaru
 49912 | Snake:4  | Reached skill level 10 in Hexes
 49912 | Snake:4  | Reached skill level 10 in Charms
 49912 | Snake:4  | Reached skill level 10 in Necromancy
 49912 | Snake:4  | Reached skill level 10 in Transmutations
 49912 | Snake:4  | Reached skill level 10 in Fire Magic
 49912 | Snake:4  | Reached skill level 10 in Ice Magic
 49912 | Snake:4  | Reached skill level 10 in Air Magic
 49912 | Snake:4  | Reached skill level 10 in Earth Magic
 49912 | Snake:4  | Reached skill level 10 in Poison Magic
 49914 | Snake:4  | Received a gift from Okawaru
 50168 | Snake:4  | Reached XP level 18. HP: 125/139 MP: 32/35
 50620 | Snake:4  | Identified the cursed +1 war axe of the Hero {chaos, rN+
                  | MR+ MP+9 SInv}
 51178 | Snake:4  | Identified the Guide on Shifting Conjuration
 51318 | Snake:4  | Got a serpentine rune of Zot
 51533 | Snake:4  | Received a gift from Okawaru
 51534 | Snake:4  | Found the +2 cloak of the Thief {+Fog Slay-2 SInv Stlth+}
 51732 | Snake:2  | Killed bl4d3's ghost
 51869 | Snake:2  | Learned a level 5 spell: Fireball
 51873 | Snake:2  | Got a crystal glaive
 51874 | Snake:2  | Identified the +4 glaive "Heemama" {speed, rN+++ Str+4
                  | Int-3 Dex-3 Stlth+} (You found it on level 2 of the Snake
                  | Pit)
 52147 | Elf:1    | Entered Level 1 of the Elven Halls
 53951 | Elf:1    | You fall into a shaft and drop 1 floor!
 53982 | Elf:2    | Noticed a deep elf blademaster
 53990 | Elf:2    | Killed a deep elf blademaster
 54198 | Elf:2    | Reached XP level 19. HP: 147/147 MP: 32/36
 54346 | Elf:2    | Found Luali Got's Antique Weapon Shoppe.
 54368 | Elf:2    | Received a gift from Okawaru
 55803 | Elf:2    | Found a runed translucent gate.
 55819 | Elf:2    | Found a runed translucent gate.
 55820 | Elf:2    | Found a runed translucent gate.
 57526 | Depths:1 | Entered Level 1 of the Depths
 59047 | D:15     | Received a gift from Okawaru
 59561 | Depths:1 | Received a gift from Okawaru
 59782 | Depths:1 | Found Guczaj's Magic Scroll Shop.
 59790 | Depths:1 | Bought a scroll of blinking for 135 gold pieces
 59790 | Depths:1 | Bought a scroll of teleportation for 54 gold pieces
 59790 | Depths:1 | Bought a scroll of teleportation for 54 gold pieces
 59949 | Depths:1 | Found a gateway to Hell.
 60081 | Depths:1 | Noticed the Enchantress
 60212 | D:15     | Killed the Enchantress
 61088 | Depths:1 | Got a slimy chain mail {god gift}
 61098 | Depths:1 | Identified the +13 chain mail of Jyat {Stlth+} (Okawaru
                  | gifted it to you on level 1 of the Depths)
 61414 | Depths:1 | Found a glowing golden altar of the Shining One.
 61493 | Depths:1 | Reached XP level 20. HP: 133/155 MP: 27/38
 64108 | Depths:2 | Received a gift from Okawaru
 65326 | Elf:3    | Entered Level 3 of the Elven Halls
 65346 | Elf:2    | Learned a level 6 spell: Bolt of Fire
 65822 | Elf:3    | Found a runed translucent gate.
 65823 | Elf:3    | Found a runed translucent gate.
 65824 | Elf:3    | Found a runed translucent gate.
 65830 | Elf:3    | Noticed Dataggej's ghost (adept MiBe)
 65886 | Elf:3    | Found Douplu's Weapon Boutique.
 66119 | Elf:3    | Received a gift from Okawaru
 66562 | Elf:3    | Received a gift from Okawaru
 68342 | Elf:3    | Reached XP level 21. HP: 53/163 MP: 4/39
 69248 | Elf:3    | Reached skill level 15 in Spellcasting
 69586 | Elf:3    | Identified Kelun's Collected Works on Dusty Battle Magic
 69604 | Elf:3    | Identified Nyerei's Arcane Secrets of Casting
 69607 | Elf:3    | Identified the Grimoire of Freezing Intoxication
 69610 | Elf:3    | Identified the Guide on Assistive Dislocation
 69612 | Elf:3    | Identified Cuonnade's Incunabulum of Self-Knowledge and the
                  | Compass
 69617 | Elf:3    | Identified the Papyrus of Dark Toxins
 69789 | Elf:3    | Learned a level 6 spell: Iron Shot
 69795 | Elf:3    | Learned a level 5 spell: Borgnjor's Vile Clutch
 70029 | Vaults:1 | Entered Level 1 of the Vaults
 70427 | Vaults:1 | Received a gift from Okawaru
 70809 | Vaults:1 | Found Diysm's Food Shoppe.
 71850 | Vaults:2 | Received a gift from Okawaru
 71895 | Vaults:2 | Found a flickering gateway to a bazaar.
 71904 | Bazaar   | Entered a bazaar
 71904 | Bazaar   | Found Loerec's Assorted Antiques.
 71904 | Bazaar   | Found Mipt's Antique Armour Emporium.
 71904 | Bazaar   | Found Ofagocvumo's Armour Emporium.
 71905 | Bazaar   | Found Novel's Food Shoppe.
 71905 | Bazaar   | Found Paraed's Assorted Antiques.
 71931 | Bazaar   | Bought a warped shield for 275 gold pieces
 71941 | Bazaar   | Identified the +3 shield of Sexes {Str+3} (You bought it in
                  | a shop in a bazaar)
 71987 | Bazaar   | Bought a steaming buckler for 275 gold pieces
 72000 | Bazaar   | Identified the cursed +0 buckler of Libriz {rN+++ rCorr
                  | Dex-5 SInv} (You bought it in a shop in a bazaar)
 72158 | Vaults:2 | Received a gift from Okawaru
 72329 | Vaults:2 | Reached skill level 15 in Invocations
 72927 | Vaults:2 | Identified a +1 pair of boots of running (You found it on
                  | level 2 of the Vaults)
 72960 | Vaults:2 | Got a dazzling long sword
 72961 | Vaults:2 | Identified the +1 long sword "Gemenl Juul" {drain, Str+4}
                  | (You found it on level 2 of the Vaults)
 73293 | Vaults:2 | Received a gift from Okawaru
 73761 | Vaults:2 | Noticed Boris
 74186 | Vaults:3 | Reached XP level 22. HP: 172/172 MP: 6/41
 74370 | Vaults:3 | Received a gift from Okawaru
 74597 | Vaults:3 | Received a gift from Okawaru
 75083 | Vaults:3 | Received a gift from Okawaru
 75463 | Vaults:3 | Received a gift from Okawaru
 75841 | Vaults:3 | Found a staircase to the Crypt.
 76615 | Vaults:4 | Reached skill level 15 in Dodging
 77065 | Vaults:4 | Reached skill level 15 in Stealth
 77602 | Vaults:4 | Received a gift from Okawaru
 77695 | Vaults:4 | Received a gift from Okawaru
 78049 | Vaults:4 | Reached XP level 23. HP: 173/179 MP: 32/42
 78646 | Depths:2 | Received a gift from Okawaru
 78653 | Depths:2 | Got a heavy robe {god gift}
 78900 | Depths:1 | Identified the +1 robe of Amorality {Str+5} (Okawaru gifted
                  | it to you on level 2 of the Depths)
 79419 | Depths:2 | Found a gateway to a ziggurat.
 80599 | Depths:3 | Noticed a golden dragon
 80868 | Depths:3 | Reached skill level 15 in Fighting
 80868 | Depths:3 | Reached skill level 15 in Short Blades
 80868 | Depths:3 | Reached skill level 15 in Long Blades
 80868 | Depths:3 | Reached skill level 15 in Axes
 80868 | Depths:3 | Reached skill level 15 in Maces & Flails
 80868 | Depths:3 | Reached skill level 15 in Polearms
 80868 | Depths:3 | Reached skill level 15 in Staves
 80868 | Depths:3 | Reached skill level 15 in Slings
 80868 | Depths:3 | Reached skill level 15 in Bows
 80868 | Depths:3 | Reached skill level 15 in Crossbows
 80868 | Depths:3 | Reached skill level 15 in Throwing
 80868 | Depths:3 | Reached skill level 15 in Armour
 80868 | Depths:3 | Reached skill level 15 in Shields
 80868 | Depths:3 | Reached skill level 15 in Unarmed Combat
 80868 | Depths:3 | Reached skill level 15 in Evocations
 81546 | Depths:3 | Killed a golden dragon
 81683 | Depths:3 | Identified the Catalogue of Warped Changing
 81795 | Depths:3 | Received a gift from Okawaru
 82454 | Depths:3 | Found a one-way gate leading to the halls of Pandemonium.
 84274 | Depths:4 | Paralysed by a floating eye for 4 turns
 84277 | Depths:4 | HP: 6/183 [purple very ugly thing[a glowing orange brain]
                  | (15)]
 84278 | Depths:4 | Slain by an ettin

Levels and vault maps discovered:
D:1:      psy_arrival_terrarium, layout_basic, serial_bayou_pond_a
D:2:      layout_rooms, nicolae_overflow_hidden_temple, uniq_robin, uniq_jessica
D:3:      layout_rooms, first_ration, hangedman_decor_clover_reticule
D:4:      layout_loops_ring, lemuel_coloured_pillars_altar
D:5:      layout_layer_cave, uniq_pikel
D:6:      layout_cave_pools, lemuel_doored_altar, kennysheep_mini_moat,
          cheibrodos_sewer_entry_sluice, uniq_blork_the_orc, uniq_eustachio,
          uniq_crazy_yiuf_cottage, uniq_duvessa
D:7:      layout_cave_pools, minmay_temple_entry_sparse_star, the_bakery
D:8:      layout_loops_ring, gammafunk_temple_overflow_pools,
          gammafunk_ghost_cemetery, uniq_harold
D:9:      layout_basic, orc_0_dummy, serial_shops, nicolae_shop_behind_doors
D:10:     layout_rooms, basic_altar, uniq_gastronok
D:11:     layout_loops_ring, lair_entry_dummy, serial_shops, shop,
          nicolae_shop_waterfront, nrook_guardian_serpent_ordinary, uniq_urug
D:12:     layout_small_grid
D:13:     minmay_cornered_nines, layout_basic, basic_altar,
          chequers_serial_rivers_micro_e
D:14:     layout_loops_ring, erik_vaults_2, kennysheep_cross_bottleneck,
          gammafunk_ghost_fury_of_okawaru, uniq_azrael, uniq_rupert
D:15:     grunt_enter_depths_magical_seal, layout_long_grid, grunt_decor_cap,
          uniq_kirke
Temple:   nicolae_temple_elliptical
Lair:1:   layout_misc_corridors, st_stairs_4, chequers_serial_rivers_large_a,
          wad_woods_road_01, uniq_sonja
Lair:2:   layout_roguey, roderic_carrion_pond, infiniplex_staircase_pool_2
Lair:3:   layout_small_grid, minmay_swamp_entry_reptiles,
          guppyfry_snake_entry_island, cheibrodos_lair_lostbears
Lair:4:   layout_layer_cave, chequers_serial_rivers_micro_b,
          lemuel_fruit_fields, lemuel_fruit_fields, uniq_nessos
Lair:5:   layout_regular_city, slime_altar_1, chequers_serial_rivers_micro_b,
          chequers_serial_rivers_micro_b, minmay_another_anthill,
          serial_bayou_shore_b, minmay_lair_oklob_chamber, grunt_megastairs_5
Lair:6:   hangedman_lair_tendril_chambers, layout_big_grid, wormcave,
          portal_ice_cave_demonic_guard
Swamp:1:  layout_falls_marsh, serial_swamp_ruin, evilmike_swamp_ruin_house_5,
          evilmike_swamp_ruin_house_3, evilmike_swamp_ruin_house_4, swamp_pool4,
          infiniplex_staircase_pool
Swamp:2:  layout_basic_swamp, evilmike_swamp_ruin_house_2
Swamp:3:  layout_basic_swamp, evilmike_swamp_ruin_rubble_1
Swamp:4:  swamp_old_school, layout_basic_swamp
Snake:1:  layout_layer_cave, st_stairs_8, drop_trap, serial_bayou_lake_a,
          uniq_louise, uniq_jorgrun, uniq_aizul
Snake:2:  layout_cave_shapes, serial_shops, nicolae_shop_crystal,
          gammafunk_ghost_split, serial_bayou_shore_a, grunt_megastairs_2,
          lemuel_fruit_tree, uniq_agnes
Snake:3:  layout_layer_cave, serial_shops, shop
Snake:4:  snake_pit, layout_gridlike, hangedman_snake_pattern, drop_trap
Orc:1:    layout_caves, uniq_snorg
Orc:2:    grunt_orc_gardens, layout_diamond_mine, grunt_orc_garden,
          grunt_orc_garden, grunt_orc_garden, grunt_orc_garden, basic_altar,
          minmay_orc_treasury, uniq_josephine, uniq_donald
Elf:1:    eino_elf_arrival_sip, layout_loops_cross, minmay_elf_sorcery,
          grunt_ministairs_14, einodemon_barbed_minivault
Elf:2:    layout_gridlike, serial_shops, nicolae_shop_window_shopping
Elf:3:    minmay_elf_hall_four_x, layout_geoelf_diagonals,
          gammafunk_ghost_tricky_traps, serial_shops, shop, hex_intersection
Vaults:1: vaults_room_door_ring, vaults_room_ringed_pool,
          vaults_standard_mumra_x, v_misc_4, ontoclasm_vaults_ligature,
          hangedman_vaults_pinch, vaults_room_semicircle,
          ontoclasm_vaults_decontamination, hangedman_vaults_stagger,
          vaults_room_hallway, v_misc_24, layout_vaults_omnicross, serial_shops,
          nicolae_shop_behind_doors
Vaults:2: vaults_dpeg_doors, st_quartered_hall, nicolae_vaults_puzzle_piece,
          vaults_dpeg_ring, nicolae_vaults_network_star, vaults_room_hallway,
          hangedman_vaults_slice, ontoclasm_vaults_misaligned, v_misc_16,
          grunt_vaults_hallway_short, grunt_vaults_hallway_long,
          vaults_room_grid, hangedman_vaults_capsules, v_misc_8,
          ontoclasm_vaults_spin, layout_vaults_omnibox, serial_shops,
          bzr_entry_islet, uniq_boris
Vaults:3: minmay_crypt_entry_simple_box, vaults_dpeg_cross, vaults_room_corners,
          ontoclasm_vaults_eye, v_misc_31, v_misc_23, st_cross, v_misc_11,
          vaults_dpeg_encased_lava, vaults_room_hallway, hangedman_vaults_maws,
          layout_vaults_omnigrid
Vaults:4: nicolae_vaults_ring_of_whatevers, nicolae_vaults_big_ls,
          vaults_room_fours, v_alt_pattern_3, st_greater_box_2, v_misc_33,
          grunt_vaults_funnel, nicolae_vaults_network_quinsquares
          [nicolae_vaults_network_quincunx_subvault,
          nicolae_vaults_network_quincunx_subvault,
          nicolae_vaults_network_quincunx_subvault,
          nicolae_vaults_network_quincunx_subvault], v_misc_12,
          vaults_room_stairs_pillars, vaults_room_hallway,
          layout_vaults_maze_bifur
Depths:1: layout_cave_pools, serial_shops, shop, glass_columns_b, hell_entry,
          tso_altar, uniq_enchantress
Depths:2: hangedman_crystal_crosses_colossus [crystal_crosses_arms_four,
          crystal_crosses_arms_four, crystal_crosses_arms_two,
          crystal_crosses_arms_one], hell_entry
Depths:3: minmay_cut_squares, layout_gridville, hangedman_decor_peaks_small,
          pf_hell_entry_tar_river, grunt_pan_entry_zigzag, minmay_microvault,
          infiniplex_staircase_zigzag_5, grunt_megastairs_4
Depths:4: lemuel_troll_bridge, layout_cave_pools, rand_demon_pan_entry_7,
          hell_entry, hangedman_abyss_entry_splay, serial_bayou_shore_b,
          uniq_frederick

Skill      XL: |  1  2  3  4  5  6  7  8  9 10 11 12 13 14 15 16 17 18 19 20 21 22 23 |
---------------+----------------------------------------------------------------------+-----
Conjurations   | 2 3 4 5 6 7 8 9 10 11 12 13 | 13.2
Summonings     | 2 3 4 5 6 7 8 9 10 11 12 13 | 13.2
Translocations | 2 3 4 5 6 7 8 9 10 11 12 13 | 13.2
Fighting       | 1 2 3 4 5 6 7 8 9 10 11 12 13 14 15 | 15.2
Short Blades   | 1 2 3 4 5 6 7 8 9 10 11 12 13 14 15 | 15.2
Long Blades    | 1 2 3 4 5 6 7 8 9 10 11 12 13 14 15 | 15.2
Axes           | 1 2 3 4 5 6 7 8 9 10 11 12 13 14 15 | 15.2
Maces & Flails | 1 2 3 4 5 6 7 8 9 10 11 12 13 14 15 | 15.2
Polearms       | 1 2 3 4 5 6 7 8 9 10 11 12 13 14 15 | 15.2
Staves         | 1 2 3 4 5 6 7 8 9 10 11 12 13 14 15 | 15.2
Slings         | 1 2 3 4 5 6 7 8 9 10 11 12 13 14 15 | 15.2
Bows           | 1 2 3 4 5 6 7 8 9 10 11 12 13 14 15 | 15.2
Crossbows      | 1 2 3 4 5 6 7 8 9 10 11 12 13 14 15 | 15.2
Throwing       | 1 2 3 4 5 6 7 8 9 10 11 12 13 14 15 | 15.2
Armour         | 1 2 3 4 5 6 7 8 9 10 11 12 13 14 15 | 15.2
Shields        | 1 2 3 4 5 6 7 8 9 10 11 12 13 14 15 | 15.2
Unarmed Combat | 1 2 3 4 5 6 7 8 9 10 11 12 13 14 15 | 15.2
Invocations    | 1 2 3 4 5 6 7 8 9 10 11 12 13 14 15 16 | 16.3
Evocations     | 1 2 3 4 5 6 7 8 9 10 11 12 13 14 15 | 15.2
Hexes          | 1 2 3 4 5 6 7 8 9 10 11 12 13 | 13.1
Charms         | 1 2 3 4 5 6 7 8 9 10 11 12 13 | 13.1
Necromancy     | 1 2 3 4 5 6 7 8 9 10 11 12 13 | 13.1
Transmutations | 1 2 3 4 5 6 7 8 9 10 11 12 13 | 13.1
Fire Magic     | 1 2 3 4 5 6 7 8 9 10 11 12 13 | 13.1
Ice Magic      | 1 2 3 4 5 6 7 8 9 10 11 12 13 | 13.1
Air Magic      | 1 2 3 4 5 6 7 8 9 10 11 12 13 | 13.1
Earth Magic    | 1 2 3 4 5 6 7 8 9 10 11 12 13 | 13.1
Poison Magic   | 1 2 3 4 5 6 7 8 9 10 11 12 13 | 13.1
Dodging        | 5 6 7 8 9 10 11 12 13 14 15 | 15.7
Stealth        | 5 6 7 8 9 10 11 12 13 14 15 | 15.6
Spellcasting   | 8 9 10 11 12 13 14 15 16 | 16.4

Action                   |  1- 3 |  4- 6 |  7- 9 | 10-12 | 13-15 | 16-18 | 19-21 | 22-24 || total
-------------------------+-------+-------+-------+-------+-------+-------+-------+-------++-------
Melee: Whip              |       |    22 |       |       |       |       |       |       ||    22
       Dagger            |       |    23 |   116 |    57 |       |       |       |       ||   196
       Trident           |       |    11 |    59 |     7 |       |       |       |       ||    77
       Bite              |       |     2 |     8 |    35 |   131 |   105 |   144 |   107 ||   532
       Punch             |       |     1 |     1 |       |       |       |       |       ||     2
       Broad axe         |       |       |       |   235 |       |       |       |       ||   235
       Demon trident     |       |       |       |    41 |  1288 |  1195 |  1402 |  1062 ||  4988
 Cast: Magic Dart        |    66 |   136 |   248 |    51 |    39 |    29 |       |       ||   569
       Call Imp          |     3 |    28 |    54 |     9 |     1 |       |       |       ||    95
       Mephitic Cloud    |       |     4 |    18 |    28 |    47 |     4 |     1 |       ||   102
       Blink             |       |     4 |    11 |    12 |    16 |     5 |    24 |     5 ||    77
       Conjure Flame     |       |     3 |    10 |    16 |    79 |    17 |     7 |     4 ||   136
       Poisonous Vapours |       |       |     4 |   148 |   219 |    79 |    66 |     5 ||   521
       Animate Dead      |       |       |     1 |    36 |    52 |    86 |    25 |    16 ||   216
       Regeneration      |       |       |     1 |     4 |     4 |     4 |     4 |     4 ||    21
       Summon Lightning  |       |       |       |    42 |   119 |   115 |   118 |    73 ||   467
       Freezing Cloud    |       |       |       |       |       |    56 |    99 |    68 ||   223
       Fireball          |       |       |       |       |       |       |    20 |     4 ||    24
       Bolt of Fire      |       |       |       |       |       |       |    45 |    64 ||   109
       Borgnjor's Vile C |       |       |       |       |       |       |     3 |     4 ||     7
       Iron Shot         |       |       |       |       |       |       |       |    13 ||    13
Invok: Heroism           |       |       |       |     5 |     5 |     8 |    14 |     4 ||    36
       Finesse           |       |       |       |       |       |     2 |     2 |     1 ||     5
Evoke: Wand              |       |       |       |     9 |    30 |     2 |     2 |       ||    43
       Phial of floods   |       |       |       |     2 |       |     2 |     1 |     1 ||     6
       Box of beasts     |       |       |       |       |       |       |     1 |       ||     1
  Use: Potion            |       |     1 |       |     1 |     2 |     2 |     2 |     1 ||     9
       Scroll            |       |       |    15 |    12 |    14 |    20 |    13 |    13 ||    87
 Stab: Confused          |       |     2 |    10 |    11 |    32 |     3 |       |       ||    58
       Distracted        |       |       |     2 |     3 |    25 |    24 |    24 |    31 ||   109
       Sleeping          |       |       |       |     5 |    10 |    10 |     5 |     4 ||    34
  Eat: Chunk             |     1 |     8 |    21 |    20 |    41 |    17 |    16 |    12 ||   136
       Ration            |       |       |     1 |     4 |     5 |    15 |    21 |    10 ||    56
Armor: Ring mail         |    10 |    37 |    98 |    94 |   276 |   287 |   248 |       ||  1050
       Robe              |     2 |       |       |       |       |       |       |       ||     2
       Acid dragon scale |       |       |       |       |       |       |   120 |   135 ||   255
       Chain mail        |       |       |       |       |       |       |    37 |       ||    37
       Fire dragon scale |       |       |       |       |       |       |    15 |       ||    15
       Skin              |       |       |       |       |       |       |     1 |       ||     1
Dodge: Dodged            |    19 |    74 |   211 |   265 |   440 |   426 |   538 |   337 ||  2310
Block: Buckler           |       |       |     5 |   115 |       |       |   556 |       ||   676
       Shield            |       |       |       |       |   696 |   615 |   104 |   578 ||  1993
       Reflection        |       |       |       |       |    13 |   110 |    83 |    64 ||   270
